 Dungeon Crawl Stone Soup version 0.30-b1-2-g02819fbbbe (webtiles) character file.

Game seed: 8038612141277726462

422 nightchill the Firebug (level 6, -5/51 HPs)
             Began as a Hill Orc Fire Elementalist on Dec 25, 2023.
             Slain by a black bear (10 damage)
             ... on level 5 of the Dungeon.
             The game lasted 00:10:19 (4897 turns).

nightchill the Firebug (Hill Orc Fire Elementalist) Turns: 4897, Time: 00:10:20

Health: -5/51      AC:  2    Str: 11    XL:     6   Next: 95%
Magic:  14/18      EV: 12    Int: 17    God:
Gold:   205        SH:  0    Dex: 11    Spells: 9/10 levels left

rFire   . . .        n - +6 club
rCold   . . .        (no shield)
rNeg    . . .        a - +0 robe
rPois   .            (no helmet)
rElec   .            (no cloak)
rCorr   .            (no gloves)
SInv    .            (no boots)
Will    .....        (no amulet)
Stlth   ++           v - ring of magical power
HPRegen 0.28/turn    (no ring)
MPRegen 0.16/turn

%: no passive effects
@: no status effects
A: no striking features
a: no special abilities


You were on level 5 of the Dungeon.
You visited 1 branch of the dungeon, and saw 5 of its levels.

You collected 205 gold pieces.

Inventory:

Hand Weapons
 c - a +0 flail
 n - a +6 club (weapon)
 o - a +0 long sword of holy wrath
 t - a +0 war axe
Missiles
 p - 6 curare-tipped darts
Armour
 a - a +0 robe (worn)
 f - a +0 chain mail
 s - a +0 leather armour
Jewellery
 v - a ring of magical power (left hand)
 w - a ring of poison resistance
Wands
 q - a wand of mindburst (27)
Scrolls
 d - a scroll of acquirement {unknown}
 m - 2 scrolls of teleportation {unknown}
 x - a scroll of immolation {unknown}
Potions
 b - a potion of magic
 e - 3 potions of flight
 g - a potion of might {unknown}
 h - a potion of haste {unknown}
 j - 2 potions of curing {unknown}
 k - 2 potions of heal wounds
 l - a potion of brilliance {unknown}
 r - a potion of berserk rage {unknown}
 u - 2 potions of attraction
 z - a potion of mutation {unknown}
 A - a potion of ambrosia {unknown}


   Skills:
 + Level 3.1 Fighting
 + Level 1.2 Axes
 - Level 1.5 Dodging
 - Level 1.5 Stealth
 + Level 2.5 Spellcasting
 * Level 3.9 Conjurations
 * Level 5.4 Fire Magic


You had 9 spell levels left.
You knew the following spells:

 Your Spells              Type           Power      Damage    Failure   Level
a - Foxfire               Conj/Fire      72%        2x1d7     2%          1

Your spell library contained the following spells:

 Spells                   Type           Power      Damage    Failure   Level
 Scorch                   Fire           40%        2d6       3%          2
 Inner Flame              Hex/Fire       11%        N/A       19%         3
 Volatile Blastmotes      Fire/Tloc      22%        2d11      19%         3
 Flame Wave               Conj/Fire      18%        2d7       26%         4


Dungeon Overview and Level Annotations

Branches:
Dungeon (5/15)
 Temple: D:4-7

Altars:
Kikubaaqudgha

Annotations:
D:3 Sigmund


Message History

The black bear completely misses you. The black bear claws you.
The white imp closely misses you.
The foxfire hits the black bear.
The black bear is heavily wounded.
The foxfire hits the white imp.
The white imp is burned terribly!
You kill the white imp!
The black bear closely misses you. The black bear completely misses you.
The black bear claws you.
* * * LOW HITPOINT WARNING * * *
Casting: Foxfire (safe; 2% risk of failure)
Confirm with . or Enter, or press ? or * to list all spells.
You conjure some foxfire!
The hound barely misses you. The black bear bites you.
* * * LOW HITPOINT WARNING * * *
The black bear claws you.
* * * LOW HITPOINT WARNING * * *
The black bear barely misses you.
The foxfire hits the black bear.
The black bear is severely wounded.
The foxfire hits the hound.
The hound is moderately wounded.
The hound misses you.
The black bear goes berserk!
The hound bites you but does no damage.
Casting: Foxfire (safe; 2% risk of failure)
Confirm with . or Enter, or press ? or * to list all spells.
You conjure some foxfire!
The black bear bites you!
* * * LOW HITPOINT WARNING * * *
The black bear closely misses you. The black bear barely misses you.
The hound bites you.
* * * LOW HITPOINT WARNING * * *
The black bear bites you but does no damage.
The black bear claws you but does no damage. x2
The foxfire hits the hound but does no damage.
The hound is moderately wounded.
The foxfire hits the black bear.
The black bear is almost dead.
The hound bites you.
* * * LOW HITPOINT WARNING * * *
The black bear bites you!
You die...

... .# .... .#
..... .# # .....
.#.####
#...###.#.....
.##............
....$..h......# #
#.@.###
#.#.h.!.##.#
.####.#.#.#.)#.#
.......>#.##.#.#
#####.#.#.##.#.#
#.#.#.##.#.#####
# #.#.##.#......
#.#.##.)#########
#................


You could see a black bear (berserk) and a hound.

Vanquished Creatures
  2 phantoms
  A hound (D:5)
  A jelly (D:3)
  Jessica (D:3)
  4 adders
  7 gnolls
  A white imp (D:5)
  A dart slug (D:2)
  5 orcs
  5 bats
  8 endoplasms
  4 giant cockroaches
  4 goblins
  8 hobgoblins
  6 jackals
  4 quokkas
  5 ball pythons
  3 frilled lizards
  3 kobolds
  8 rats
81 creatures vanquished.

Vanquished Creatures (others)
  251 foxfires
251 creatures vanquished.

Grand Total: 332 creatures vanquished

Notes
Turn   | Place    | Note
-------+----------+-------------------------------------------
     0 | D:1      | nightchill the Hill Orc Fire Elementalist began the quest
                  | for the Orb.
     0 | D:1      | Reached XP level 1. HP: 14/14 MP: 3/3
   210 | D:1      | Reached XP level 2. HP: 22/22 MP: 2/4
   634 | D:1      | Reached skill level 1 in Fighting
   923 | D:1      | Reached XP level 3. HP: 13/28 MP: 1/5
  1789 | D:2      | Found an ancient bone altar of Kikubaaqudgha.
  1868 | D:3      | Reached skill level 4 in Fire Magic
  1868 | D:3      | Reached XP level 4. HP: 36/36 MP: 2/6
  2258 | D:3      | Reached XP level 5. HP: 41/41 MP: 6/8
  2405 | D:3      | Noticed Sigmund
  2639 | D:3      | Noticed Jessica
  2644 | D:3      | Killed Jessica
  3218 | D:4      | Noticed a phantom
  3234 | D:4      | Killed a phantom
  3235 | D:4      | Reached skill level 5 in Fire Magic
  3235 | D:4      | Reached XP level 6. HP: 39/50 MP: 9/9
  4545 | D:5      | Entered Level 5 of the Dungeon
  4574 | D:5      | Reached skill level 1 in Axes
  4884 | D:5      | Noticed a black bear
  4897 | D:5      | Slain by a black bear

Illustrated notes

Levels and vault maps discovered:
D:1:      matt_arrival_spirals, layout_loops_ring
D:2:      layout_basic, basic_altar
D:3:      layout_rooms, kennysheep_cluttered_room, hangedman_decor_push,
          corexii_item_surrounded_by_moat, uniq_jessica, uniq_sigmund
D:4:      layout_layer_cave
D:5:      layout_basic, temple_statues, grunt_decor_junction, dk_vineyard_1,
          uniq_menkaure

Skill      XL: |  1  2  3  4  5  6 |
---------------+-------------------+-----
Fighting       | 1 2 3 |  3.1
Conjurations   | 2 3 |  3.9
Fire Magic     | 4 5 |  5.4
Spellcasting   | 2 |  2.5
Axes           | 1 |  1.2
Dodging        | |  1.5
Stealth        | |  1.5

Action                     |  1- 3 |  4- 6 || total
---------------------------+-------+-------++-------
  Melee: Flail             |    12 |    10 ||    22
         Club              |       |    22 ||    22
   Cast: Foxfire           |    53 |    90 ||   143
    Use: Scroll            |       |     3 ||     3
 Armour: Robe              |    10 |    16 ||    26
  Dodge: Dodged            |    50 |    92 ||   142
